 Dungeon Crawl Stone Soup version 0.32-a0-705-g60f233581c (webtiles) character file.

Game seed: 7407777621995427805

4 kae the Slasher (level 1, 0/16 HPs)
             Began as a Coglin Gladiator on Mar 14, 2024.
             Slain by an endoplasm (2 damage)
             ... on level 1 of the Dungeon.
             The game lasted 00:00:05 (40 turns).

kae the Slasher (Coglin Gladiator)                    Turns: 40, Time: 00:00:05

Health: 0/16       AC:  4    Str: 14    XL:     1   Next: 70%
Magic:  1/1        EV: 11    Int:  7    God:
Gold:   7          SH:  0    Dex: 15    Spells: 0/0 levels left

rFire   . . .        a - +0 long sword {Santiago}
rCold   . . .        f - +0 dagger {Kun}
rNeg    . . .        b - +0 leather armour
rPois   .            c - +0 helmet
rElec   .            (no cloak)
rCorr   .            (no gloves)
SInv    .            (no boots)
Will    .....        (amulet unavailable)
Stlth   +            (ring unavailable)
HPRegen 0.22/turn    (ring unavailable)
MPRegen 0.07/turn    (no gizmo)

%: no passive effects
@: revved
A: off-hand wielding, slow wielding, warmup strikes, no jewellery
a: Invent Gizmo


You were on level 1 of the Dungeon.
You visited 1 branch of the dungeon, and saw 1 of its levels.

You collected 7 gold pieces.


Innate Abilities, Weirdness & Mutations

You can wield a second weapon in your off-hand.
It takes a long time for you to wield or remove held weapons.
Your first few attacks do less damage.
You cannot equip rings or amulets.


   Skills:
 - Level 2.0 Fighting
 + Level 3.3 Long Blades
 - Level 1.7 Throwing
 - Level 2.6 Dodging


You couldn't memorise any spells.
You didn't know any spells.
Your spell library was empty.

Inventory:

Hand Weapons
 a - a +0 long sword (weapon) {Santiago}
 f - a +0 dagger (offhand) {Kun}
Missiles
 d - 3 throwing nets (quivered) {=f!f}
 e - a javelin
Armour
 b - a +0 leather armour (worn)
 c - a +0 helmet (worn)

Dungeon Overview and Level Annotations

Branches:
Dungeon (1/15) Zot: 5958

Altars:

#.###..### .......
..####...##### .........
....##.......# .........
###....##....###.......#
..#>>#####....#.........
..#.## #..##.#.........
..#.. #.###...........
..#.# #.. ##..(l......
..#.# #.# ##.@J......
###.. !. #......... #..
... ...#....... #..
#...........
.............
##....####.... ....##
#... ##... #..


You could see an endoplasm and a frilled lizard.


Message History

Lua error: /dgldir/rcfiles/crawl-git/kae.rc:525: unexpected symbol near '#' 🤖 Initializing magus.rc ...
Bad monster_list_colour key: strict_neutral Bad channel name 'pray' for runrest: 'pray:' Options error: Missing colour in message_colour setting: 'that.*feels deathly cold' Options error: Missing colour in message_colour setting: 'and you must be Full or above to equip it' Options error: Missing colour in message_colour setting: 'but rights himself reflexively soon after' Options error: Missing colour in message_colour setting: 'before it is too late' ✅ Successfully initialized magus.rc [v1.11.3] Welcome, kae the Coglin Gladiator.
If you return without finding the Orb of Zot, so far below, it's all over!
Press ? for a list of commands and other information.
Found 7 gold pieces.
Found a staircase leading out of the dungeon.
Setting a skill training target for Long Blades at 14.0.
You now have 7 gold pieces.
You open the door.
There is an open door here.
Found two stone staircases leading down.
No target in view!
No target in view!
A rat comes into view.
The rat squeaks loudly.
The rat barely misses you.
A rat is nearby!
A rat is nearby!
You hit the rat with your +0 long sword.
You kill the rat!
No target in view!
No target in view!
No target in view!
A bat comes into view.
The bat moves out of view.
An endoplasm comes into view.
A kobold comes into view. It is wielding a +0 dagger.
The kobold shouts!
You hear a shout!
The bat hits you but does no damage.
There are monsters nearby!
A rat and an endoplasm come into view.
The rat squeaks loudly.
The bat hits you but does no damage. The bat barely misses you.
A frilled lizard comes into view.
There are monsters nearby!
The endoplasm quivers. x2
You hit the bat with your +0 long sword.
You kill the bat!
The kobold closely misses you.
There are monsters nearby!
You slash the kobold with your +0 long sword!
You kill the kobold!
The endoplasm freezes you.
You are frozen.
You are too injured to fight recklessly!
There are monsters nearby!
There are monsters nearby!
You are too injured to fight recklessly!
You are too injured to fight recklessly!
There are monsters nearby!
You are too injured to fight recklessly!
You are too injured to fight recklessly! 😮 HP[-5]
You take 5 damage, and now have 11/16 hp.
MASSIVE DAMAGE!! (PAUSE)
You hit the rat but do no damage.
You slash the rat with your +0 long sword!
You kill the rat!
The endoplasm freezes you.
You are frozen.
* * * LOW HITPOINT WARNING * * *
The endoplasm barely misses you. 😨 HP[-4]
You take 4 damage, and now have 7/16 hp.
MASSIVE DAMAGE!! (PAUSE)
You hit the endoplasm but do no damage.
You hit the endoplasm with your +0 long sword.
The endoplasm misses you.
The endoplasm hits you but does no damage.
You hit the endoplasm but do no damage.
You barely miss the endoplasm with your +0 long sword.
The frilled lizard barely misses you. The endoplasm freezes you.
You are frozen.
* * * LOW HITPOINT WARNING * * *
The endoplasm closely misses you. 😱 HP[-3]
You take 3 damage, and now have 4/16 hp.
You slash the endoplasm with your +0 long sword!
You kill the endoplasm!
The endoplasm freezes you.
You are frozen.
* * * LOW HITPOINT WARNING * * *
The frilled lizard misses you. 😱 HP[-3]
You take 3 damage, and now have 1/16 hp.
Unknown command.
You hit the endoplasm with your +0 dagger.
You hit the endoplasm but do no damage. The endoplasm hits you.
You die...

Action                     || total
---------------------------++-------
  Melee: Long sword        ||     8
         Dagger            ||     4
 Armour: Leather armour    ||     4
  Dodge: Dodged            ||     8

Levels and vault maps discovered:
D:1:      minmay_arrival_checkered_box, layout_rooms

Notes
Turn   | Place    | Note
-------+----------+-------------------------------------------
     0 | D:1      | kae the Coglin Gladiator began the quest for the Orb.
     0 | D:1      | Reached XP level 1. HP: 16/16 MP: 1/1
     0 | D:1      | magus.rc [v1.11.3]
    38 | D:1      | HP: 4/16 [frozen (3)]
    39 | D:1      | HP: 1/16 [frozen (3)]
    40 | D:1      | Slain by an endoplasm

Vanquished Creatures
  A bat (D:1)
  An endoplasm (D:1)
  A kobold (D:1)
  2 rats (D:1)
5 creatures vanquished.

Table legend:
 A = Non-vault XP
 B = Vault XP
 C = Vault XP percentage of total XP
 D = Non-vault monster count
 E = Vault monster count
 F = Vault count percentage of total count
                 A         B        C        D         E       F
            +---------+---------+-------+---------+---------+-------
      Total |       7 |       0 |   0.0 |       5 |       0 |   0.0
            +---------+---------+-------+---------+---------+-------
        D:1 |       7 |       0 |   0.0 |       5 |       0 |   0.0
            +---------+---------+-------+---------+---------+-------

Action                     || total
---------------------------++-------
  Melee: Long sword        ||     8
         Dagger            ||     4
 Armour: Leather armour    ||     4
  Dodge: Dodged            ||     8

Illustrated notes

Table legend:
 A = Kills in this place as a percentage of kills in the entire game.
 B = Kills by you in this place as a percentage of kills by you in the entire game.
 C = Kills by friends in this place as a percentage of kills by friends in the entire game.
 D = Other kills in this place as a percentage of other kills in the entire game.
 E = Experience gained in this place as a percentage of experience gained in the entire game.
 F = Experience gained in this place divided by the number of levels of this place that you have seen.
                   A       B       C       D       E      F
               +-------+-------+-------+-------+-------+----------------------
         Total | 100.0 | 100.0 |   N/A |   N/A | 100.0 |   7.0
       Dungeon | 100.0 | 100.0 |   N/A |   N/A | 100.0 |   7.0
               +-------+-------+-------+-------+-------+----------------------

Table legend: (Time is in decaauts)
 A = Elapsed time spent in this place.
 B = Non-inter-level travel time spent in this place.
 C = Inter-level travel time spent in this place.
 D = Time resting spent in this place.
 E = Time spent auto-exploring this place.
 F = Levels seen in this place.
 G = Mean time per level.
                   A        B        C        D        E       F      G
               +--------+--------+--------+--------+--------+-----+--------+
         Total |     40 |     40 |      0 |      0 |     22 |   1 |   40.0 |
       Dungeon |     40 |     40 |      0 |      0 |     22 |   1 |   40.0 |
               +--------+--------+--------+--------+--------+-----+--------+

Top non-repeatable levels by time:
     D:1: 40 daAuts
